 Dungeon Crawl Stone Soup version 0.27.1-34-g3ba077fa99 (webtiles) character file.

Game seed: 10143418877341949679

42749 Arum the Peltast (level 14, -22/94 HPs)
             Began as a Gargoyle Fighter on Jan 9, 2022.
             Was a High Priest of the Shining One.
             Annihilated by Rupert (36 damage)
             ... on level 14 of the Dungeon.
             The game lasted 00:30:38 (15748 turns).

Arum the Peltast (Gargoyle Fighter)                Turns: 15748, Time: 00:30:39

Health: -22/94     AC: 25    Str: 34    XL:     14   Next: 21%
Magic:  14/14      EV: 10    Int: 11    God:    the Shining One [*****.]
Gold:   1774       SH: 16    Dex: 10    Spells: 13/13 levels left

rFire    + . .     SeeInvis .   u - +5 whip (flame)
rCold    . . .     Faith    +   c - +1 kite shield {reflect}
rNeg     + + +     Spirit   .   K - +1 scale mail {rF+}
rPois    ∞         Reflect  +   (no helmet)
rElec    +         Harm     .   o - +2 cloak
rCorr    +         Rampage  .   (no gloves)
Will     ++...                  t - +0 pair of boots
Stlth    ..........             D - amulet of faith
HPRegen  0.25/turn              n - +6 ring of strength
MPRegen  0.14/turn              H - ring of the Prince of Darkness {Will+ rCorr Str+6}

@: flying, glowing
A: sickness immunity, AC +10, big wings, negative energy resistance 1,
electricity resistance, torment resistance 1, petrification resistance
a: Renounce Religion, Divine Shield, Cleansing Flame, Summon Divine Warrior


You were on level 14 of the Dungeon.
You worshipped the Shining One.
The Shining One was extremely pleased with you.
You visited 2 branches of the dungeon, and saw 15 of its levels.
You also visited: Bailey.

You collected 1774 gold pieces.

Inventory:

Hand Weapons
 h - the +5 glaive of Yketiluv {vorpal, rElec rCorr Int-4 Stlth+}
   (You found it in a bailey)

   It inflicts extra damage upon your enemies.
   Int:       It affects your intelligence (-4).
   rElec:     It insulates you from electricity.
   rCorr:     It protects you from acid and corrosion.
   Stlth:     It makes you more stealthy.
 u - a +5 whip of flaming (weapon)
 v - a +2 dire flail
 P - a +2 morningstar
Armour
 c - a +1 kite shield of reflection (worn)
 o - a +2 cloak (worn)
 t - a +0 pair of boots (worn)
 K - a +1 scale mail of fire resistance (worn)
 L - a +1 chain mail of willpower
Jewellery
 b - a ring of resist corrosion
 l - a +4 ring of evasion
 n - a +6 ring of strength (left hand)
 s - a ring of protection from cold
 y - a ring of willpower
 B - the ring of the Solstice {rElec rF+ rN+++ rCorr Dex-4}
   (You found it on level 6 of the Dungeon)

   [ring of resist corrosion]

   Dex:       It affects your dexterity (-4).
   rF:        It protects you from fire.
   rElec:     It insulates you from electricity.
   rN:        It renders you almost immune to negative energy.
   rCorr:     It protects you from acid and corrosion.
 D - an amulet of faith (around neck)
 G - an amulet of regeneration
 H - the ring of the Prince of Darkness (right hand) {Will+ rCorr Str+6}
   (You found it on level 7 of the Dungeon)

   [ring of strength]

   Str:       It affects your strength (+6).
   rCorr:     It protects you from acid and corrosion.
   Will:      It increases your willpower.
Wands
 j - a wand of flame (39)
 z - a wand of charming (7)
 M - a wand of digging (11)
 N - a wand of polymorph (4)
Scrolls
 a - a scroll of summoning
 m - 2 scrolls of noise
 A - a scroll of fog
 C - 3 scrolls of enchant armour
 E - 2 scrolls of silence
 J - 7 scrolls of teleportation
 R - 3 scrolls of identify
Potions
 d - 2 potions of brilliance
 e - a potion of attraction
 g - 2 potions of resistance
 i - a potion of ambrosia
 p - 8 potions of curing
 r - 3 potions of magic
 w - 2 potions of lignification
 x - 3 potions of invisibility
 I - a potion of cancellation
 O - a potion of mutation
 Q - 2 potions of might
 S - a potion of heal wounds
Miscellaneous
 F - a piece from Xom's chessboard (15/15)


   Skills:
 + Level 13.5 Fighting
 + Level 11.8 Maces & Flails
 + Level 10.2 Armour
 - Level 15.0 Shields


You had 13 spell levels left.
You didn't know any spells.
Your spell library contained the following spells:

 Spells                   Type           Power      Damage    Failure   Level
 Foxfire                  Conj/Fire      0%         2x1d4     52%         1
 Magic Dart               Conj           0%         1d3       52%         1
 Passwall                 Tmut/Erth      0%         N/A       65%         2
 Searing Ray              Conj           0%         3d3       65%         2
 Conjure Flame            Conj/Fire      0%         6-21      87%         3
 Inner Flame              Hex/Fire       0%         N/A       87%         3
 Swiftness                Air            0%         N/A       87%         3
 Tukima's Dance           Hex            0%         N/A       87%         3
 Airstrike                Air            0%         N/A       99%         4
 Cause Fear               Hex            0%         N/A       99%         4
 Fulminant Prism          Conj/Hex       0%         3d6       99%         4
 Passage of Golubria      Tloc           N/A        N/A       99%         4
 Summon Lightning Spire   Summ/Air       0%         N/A       99%         4
 Fireball                 Conj/Fire      0%         3d3       100%        5
 Iskenderun's Battlesphe  Conj           0%         2d6       100%        5
 Lightning Bolt           Conj/Air       0%         1d11      100%        5
 Yara's Violent Unravell  Hex/Tmut       0%         3d3       100%        5
 Conjure Ball Lightning   Conj/Air       0%         3x3d6     100%        6
 Invisibility             Hex            0%         N/A       100%        6
 Orb of Destruction       Conj           0%         N/A       100%        7
 Discord                  Hex            0%         N/A       100%        8


Dungeon Overview and Level Annotations

Branches:
Dungeon (14/15)            Temple (1/1) D:4            Lair (0/6) D:9
    Orc (0/2) D:9          Vaults (0/5) D:13         Bailey (visited)

Altars:
Ashenzari
Cheibriados
Dithmenos
Elyvilon
Fedhas
Gozag
Hepliaklqana
Kikubaaqudgha
Makhleb
Nemelex Xobeh
Okawaru
Qazlal
Ru
Sif Muna
Trog
Uskayaw
Vehumet
Wu Jian
Xom
Yredelemnul
Zin
The Shining One

Shops:
D:12 *

Portals:
Trove: D:13 (give 5 scrolls of fog)

Annotations:
D:9 2 transporters
D:12 1 runed translucent door, cccc's ghost, journeyman TrBe
D:13 2 transporters, soepske's ghost, journeyman FoFi
D:14 Rupert


Innate Abilities, Weirdness & Mutations

You are immune to sickness and miasma.
Your stone body is resilient. (AC +10)
You are immune to poison.
Your large and strong wings let you fly.
You resist negative energy. (rN+)
You are resistant to electric shocks. (rElec)
You are resistant to unholy torment.
You are immune to petrification.


Message History

You suddenly lose the ability to move!
The komodo dragon barely misses you. The komodo dragon bites you.
Rupert completely misses you.
The komodo dragon bites you but does no damage.
Rupert splashes around in the water.
The komodo dragon bites you.
Rupert hits you with a +0 vorpal great mace.
The komodo dragon bites you but does no damage. x2
Rupert hits you with a +0 vorpal great mace!
* * * LOW HITPOINT WARNING * * *
x2 Rupert looks more energetic.
The komodo dragon bites you but does no damage.
Rupert hits you but does no damage.
You can move again.
Unknown command.
Unknown command.
You whack Rupert! You burn Rupert.
Rupert is heavily wounded.
You block the komodo dragon's attack.
Rupert roars madly and goes into a rage!
Rupert goes berserk!
You block the komodo dragon's attack.
You feel much better. You block Rupert's attack. The komodo dragon bites you!
Rupert hits you with a +0 vorpal great mace!
* * * LOW HITPOINT WARNING * * *
x2
Okay, then.
Unknown command.
Unknown command.
Unknown command.
Okay, then.
As you read the scroll of fear, it crumbles to dust.
You assume a fearsome visage.
Rupert is unaffected.
The komodo dragon looks frightened!
Rupert hits you with a +0 vorpal great mace.
* * * LOW HITPOINT WARNING * * *
x2 You block Rupert's attack.
Unknown command.
Rupert rages.
Rupert hits you with a +0 vorpal great mace!!!
You die...

#.#....######..
######.#....'.......
#...........#.......
#.###.......#.......
#.......#.......
#..[....#############
#....................
#.............###....
#....@@....#..###....
.....###..........)..##
.......................
############.....######
##...l.## #≈.P...≈#
#♣P≈≈≈≈≈# ♣♣P≈≈♣≈#
#≈≈≈≈≈##


You could see Rupert (berserk).

Vanquished Creatures
  An orc warlord (Bailey)
  A spark wasp (D:12)
  Erolcha (D:9)
  Erica (D:8)
  2 centaur warriors (D:13)
  4 tengu warriors
  Sonja (D:11)
  A wizard (D:13)
  A necromancer (D:13)
  A deep elf pyromancer (D:12)
  An orc knight (Bailey)
  5 cyclopes
  2 manticores
  An ugly thing (D:12)
  Joseph (D:8)
  A gargoyle (D:12)
  Maggie (D:7)
  A tengu conjurer (D:13)
  7 trolls
  A hornet (D:8)
  Grinder (D:3)
  A meliai zombie (D:11)
  Sigmund (D:3)
  A water elemental (D:14)
  2 vampires (D:10)
  A shadow (D:10)
  2 wraiths
  Eustachio (D:4)
  12 yaks
  2 wyverns
  An acid dragon (D:12)
  Duvessa (D:6)
  2 water moccasins
  6 orc warriors
  A black bear (D:5)
  2 sky beasts (D:7)
  A necrophage (D:7)
  2 ogres
  8 centaurs
  2 phantoms
  2 kobold brigands (D:7)
  3 bullfrogs
  4 gnoll sergeants
  4 scorpions
  Dowan (D:6)
  13 killer bees
  3 howler monkeys
  11 wights
  3 centaur zombies
  2 jellies
  Crazy Yiuf (D:5)
  12 orc priests
  3 iguanas
  8 orc wizards
  A hound skeleton (D:5)
  A howler monkey zombie (D:7)
  17 gnolls
  4 adders
  An adder skeleton (D:4)
  2 worms (D:3)
  3 dart slugs (D:1)
  49 orcs
  7 bats
  5 endoplasms
  5 giant cockroaches
  10 goblins
  14 hobgoblins
  7 jackals
  26 kobolds
  2 quokkas
  5 ball pythons
  5 rats
319 creatures vanquished.

Vanquished Creatures (others)
  3 fungi (D:12)
  6 plants
9 creatures vanquished.

Grand Total: 328 creatures vanquished

Notes
Turn   | Place    | Note
-------+----------+-------------------------------------------
     0 | D:1      | Arum the Gargoyle Fighter began the quest for the Orb.
     0 | D:1      | Reached XP level 1. HP: 14/14 MP: 1/1
     3 | D:1      | Found a faded altar of an unknown god.
    27 | D:1      | Reached XP level 2. HP: 16/19 MP: 2/2
   240 | D:1      | Reached XP level 3. HP: 24/24 MP: 3/3
  1453 | D:2      | Reached skill level 4 in Shields
  1481 | D:2      | Reached XP level 4. HP: 29/29 MP: 4/4
  2050 | D:3      | Noticed Grinder
  2079 | D:3      | Killed Grinder
  2080 | D:3      | Reached skill level 5 in Fighting
  2080 | D:3      | Reached skill level 5 in Shields
  2080 | D:3      | Reached XP level 5. HP: 22/35 MP: 5/5
  2080 | D:3      | Reached XP level 6. HP: 25/40 MP: 6/6
  2384 | D:3      | Found a basalt altar of Yredelemnul.
  2397 | D:3      | Noticed Sigmund
  2409 | D:3      | Killed Sigmund
  2410 | D:3      | Reached XP level 7. HP: 33/44 MP: 7/7
  2690 | D:3      | Found a sacrificial altar of Ru.
  2852 | D:4      | Found a white marble altar of Elyvilon.
  2990 | D:4      | Found a shadowy altar of Dithmenos.
  3120 | D:4      | Noticed Eustachio
  3152 | D:4      | Killed Eustachio
  3445 | D:4      | Reached skill level 5 in Maces & Flails
  3445 | D:4      | Reached skill level 6 in Shields
  3463 | D:4      | Noticed a +0 short sword
  3463 | D:4      | Noticed a +0 falchion
  3463 | D:4      | Noticed a +0 spear
  3464 | D:4      | Noticed a +0 dagger
  3464 | D:4      | Noticed a +0 falchion
  3464 | D:4      | Noticed a +0 dagger
  3464 | D:4      | Noticed a +0 short sword
  3464 | D:4      | Noticed a +0 spear
  3468 | D:4      | Found a hide-covered altar of Uskayaw.
  3510 | D:4      | Found a staircase to the Ecumenical Temple.
  3519 | Temple   | Entered the Ecumenical Temple
  3559 | Temple   | Became a worshipper of the Shining One
  3963 | D:5      | Entered Level 5 of the Dungeon
  3970 | D:5      | Reached XP level 8. HP: 52/52 MP: 8/8
  4524 | D:5      | Found a runed translucent door.
  4525 | D:5      | Noticed Crazy Yiuf
  4560 | D:5      | Killed Crazy Yiuf
  4561 | D:5      | Reached skill level 7 in Shields
  4652 | D:6      | Found an iron altar of Okawaru.
  4656 | D:6      | Noticed Dowan
  4658 | D:6      | Noticed Duvessa
  4669 | D:6      | Killed Dowan
  4682 | D:6      | Killed Duvessa
  5062 | D:6      | Reached XP level 9. HP: 57/58 MP: 9/9
  5215 | D:6      | Identified the ring of the Solstice {rElec rF+ rN+++ rCorr
                  | Dex-4}
  5906 | D:6      | Reached skill level 8 in Shields
  6004 | D:7      | Reached * piety under the Shining One
  6230 | D:7      | Identified the ring of the Prince of Darkness {Will+ rCorr
                  | Str+6}
  6292 | D:7      | Reached skill level 9 in Shields
  6387 | D:7      | Found a blossoming altar of Fedhas.
  6387 | D:7      | Found an ancient bone altar of Kikubaaqudgha.
  7033 | D:7      | Found a burning altar of Makhleb.
  7209 | D:8      | Noticed Maggie
  7212 | D:8      | Reached XP level 10. HP: 66/66 MP: 10/10
  7224 | D:7      | Killed Maggie
  7428 | D:8      | Identified the ring of the Briny Deep {Ice *Corrode Dex+5
                  | Stlth+}
  7444 | D:8      | Found a snail-covered altar of Cheibriados.
  7551 | D:8      | Identified the +5 rapier "Zill" {freeze, *Corrode rPois
                  | Will- Str+7}
  7650 | D:8      | Noticed Joseph
  7672 | D:8      | Killed Joseph
  7746 | D:8      | Noticed Erica
  7749 | D:8      | Identified the +1 dagger of Vypsayts {flame, rF+ Dex+6}
  7767 | D:8      | Killed Erica
  7768 | D:8      | Reached skill level 5 in Armour
  7768 | D:8      | Reached skill level 10 in Shields
  7770 | D:8      | Reached skill level 10 in Fighting
  8053 | D:8      | Reached ** piety under the Shining One
  8361 | D:9      | Found a staircase to the Orcish Mines.
  8465 | D:9      | Found a staircase to the Lair.
  8466 | D:9      | Found a transporter.
  8467 | D:9      | Found a transporter.
  8468 | D:9      | Noticed a boulder beetle
  8468 | D:9      | Noticed Erolcha
  8658 | D:9      | Killed Erolcha
  8659 | D:9      | Reached XP level 11. HP: 32/73 MP: 11/11
  8737 | D:9      | Found a flagged portal.
  8749 | Bailey   | Entered a bailey
  8889 | Bailey   | Noticed an orc warlord
  8942 | Bailey   | Found a runed translucent gate.
  8942 | Bailey   | Noticed an orc knight
  8943 | Bailey   | Found a runed translucent gate.
  8944 | Bailey   | Found a runed translucent gate.
  8961 | Bailey   | Killed an orc knight
  9639 | Bailey   | Identified the +5 glaive of Yketiluv {vorpal, rElec rCorr
                  | Int-4 Stlth+}
  9664 | Bailey   | Reached skill level 13 in Shields
  9664 | Bailey   | Reached XP level 12. HP: 79/79 MP: 12/12
  9665 | Bailey   | Reached skill level 10 in Maces & Flails
  9665 | Bailey   | Reached XP level 13. HP: 86/86 MP: 13/13
 10073 | Bailey   | Killed an orc warlord
 10074 | Bailey   | Reached skill level 14 in Shields
 10445 | D:9      | Found a shimmering blue altar of Sif Muna.
 10828 | D:9      | Reached *** piety under the Shining One
 10888 | D:10     | Entered Level 10 of the Dungeon
 10900 | D:10     | Found a shimmering altar of Xom.
 11367 | D:10     | Found a sparkling altar of Nemelex Xobeh.
 11563 | D:10     | Reached **** piety under the Shining One
 12371 | D:11     | Identified a scroll of acquirement
 12372 | D:11     | Acquired 655 gold pieces
 12415 | D:11     | Noticed Sonja
 12419 | D:11     | Killed Sonja
 13025 | D:12     | Found a runed translucent door.
 13028 | D:12     | Noticed cccc's ghost (journeyman TrBe)
 13028 | D:12     | Identified the +8 trident "Vorufaa" {freeze, Int+2}
 13048 | D:12     | Found Qyxo's Changing Room.
 13158 | D:12     | Found a broken altar of Ashenzari.
 13990 | D:13     | Noticed an ice dragon
 13990 | D:13     | an eight-headed hydra changed into an ice dragon
 13992 | D:13     | Noticed a spark wasp
 13992 | D:13     | an ice dragon changed into a spark wasp
 14010 | D:12     | Killed a spark wasp
 14690 | D:13     | Gained mutation: Your large and strong wings let you fly.
                  | [Gargoyle growth]
 14690 | D:13     | Reached XP level 14. HP: 83/94 MP: 14/14
 14965 | D:13     | Found a gate to the Vaults.
 14982 | D:13     | Reached skill level 10 in Armour
 15056 | D:13     | Reached ***** piety under the Shining One
 15082 | D:13     | Found a transporter.
 15098 | D:13     | Noticed soepske's ghost (journeyman FoFi)
 15109 | D:13     | Found a transporter.
 15148 | D:13     | Found a glowing silver altar of Zin.
 15149 | D:13     | Noticed an angel
 15224 | D:13     | Found a portal to a secret trove of treasure.
 15540 | D:14     | Reached skill level 15 in Shields
 15683 | D:14     | Noticed Rupert
 15730 | D:14     | Paralysed by Rupert for 7 turns
 15748 | D:14     | Annihilated by Rupert

Illustrated notes

Levels and vault maps discovered:
D:1:      scummos_arrival_simple_fountains, layout_basic,
          shapermc_ecumenical_altar_mp_highgroup, hangedman_feature_mirror,
          minmay_split_cup_large
D:2:      layout_basic, kennysheep_generic_room_9
D:3:      layout_basic, mainiacjoe_overflow_surrounded_room,
          mainiacjoe_overflow_alcove_2, uniq_sigmund, uniq_grinder
D:4:      layout_gridville, grunt_dithmenos_smoke, elyvilon_altar_1,
          nicolae_uskayaw_en_pointe, minmay_temple_entry_antechambers,
          uniq_eustachio
D:5:      layout_rooms, lightli_minifort, uniq_crazy_yiuf_cottage
D:6:      layout_layer_cave, nicolae_overflow_crystal_walls,
          chequers_serial_rivers_small_b, uniq_duvessa
D:7:      layout_layer_cave, grunt_temple_overflow_growth_and_decay,
          marbit_many_paths
D:8:      layout_rooms, mainiacjoe_overflow_paths, uniq_erica, uniq_maggie,
          uniq_joseph
D:9:      gammafunk_boulding_lane, layout_rooms, mainiacjoe_overflow_brackets,
          hiddenorc2_lemuel, enter_bailey_4, hellmonk_bongcloud_opening,
          kennysheep_generic_room_3, uniq_erolcha
D:10:     kennysheep_spiral_hall, layout_loops_ring,
          chequers_temple_overflow_statue_of_worship
D:11:     layout_roguey, uniq_sonja
D:12:     layout_stronghold, ebering_ghost_funeral_grove,
          nicolae_transmutations_shop, evilmike_ruin_ashenzari
D:13:     layout_cave_pools, david_vaults_1, enter_trove_6,
          gammafunk_ghost_berserking_beasts, zin_angel
D:14:     layout_stronghold, small_statue_intersection, serial_bayou,
          serial_bayou_pond_e, serial_bayou_lake_a, serial_bayou_shore_b,
          serial_bayou_pond_d, uniq_azrael, uniq_rupert, uniq_snorg,
          uniq_roxanne
Temple:   jpeg_temple_island

Skill      XL: |  1  2  3  4  5  6  7  8  9 10 11 12 13 14 |
---------------+-------------------------------------------+-----
Fighting       | 4 5 6 7 9 10 12 13 | 13.5
Shields        | 4 5 6 7 9 10 13 14 15 | 15.0
Maces & Flails | 4 5 6 8 9 10 11 | 11.8
Armour         | 6 7 9 10 | 10.2

Action                   |  1- 3 |  4- 6 |  7- 9 | 10-12 | 13-15 || total
-------------------------+-------+-------+-------+-------+-------++-------
Melee: Flail             |   107 |    90 |     1 |       |       ||   198
       Whip              |       |       |   221 |   305 |   561 ||  1087
Evoke: Wand              |       |       |       |    14 |    17 ||    31
  Use: Potion            |       |     1 |       |     5 |     1 ||     7
       Scroll            |       |       |    17 |     4 |     6 ||    27
Armor: Scale mail        |    55 |    30 |    70 |    74 |   158 ||   387
Dodge: Dodged            |    30 |    34 |    47 |    65 |   111 ||   287
Block: Kite shield       |    70 |    49 |   150 |   212 |   269 ||   750
